 Dungeon Sprint DCSS version 0.18.1-8-gdd0e5ea (webtiles) character file.

25 Hipnos the Insei (level 3, -9/24 HPs)
             Began as an Octopode Transmuter on May 21, 2016.
             Mangled by an ogre
             ... wielding a +0 giant club
              (21 damage)
             ... in the Dungeon (Sprint I: "Red Sonja").
             The game lasted 00:01:21 (223 turns).

Hipnos the Insei (Octopode Transmuter)               Turns: 223, Time: 00:01:22

Health: -9/24      AC:  2    Str:  9    XL:     3   Next: 4%
Magic:  3/6        EV: 20    Int: 16    God:
Gold:   0          SH:  0    Dex: 17    Spells: 3 memorised, 1 level left

rFire  . . .     SeeInvis .       - Unarmed
rCold  . . .     Gourm    .     (shield currently unavailable)
rNeg   . . .     Faith    .     (helmet currently unavailable)
rPois  x         Spirit   .     (no amulet)
rElec  .         Dismiss  .     (no ring)
rCorr  .         Reflect  .     (no ring)
SustAt .         Harm     .     (no ring)
MR     .....     NoTele   +     (no ring)
Stlth  ++........               (no ring)
                                (no ring)
                                (no ring)
                                (no ring)

@: spider-form (expiring), very slightly contaminated, not resistant to hostile
enchantments, unstealthy
A: almost no armour, (amphibious), 8 rings, (constrict 8), (camouflage 0),
(gelatinous body 0)
a: End Transformation


You were in the Dungeon.
You were not hungry.
You were a venomous arachnid creature.
You visited 1 branch

Inventory:

Missiles
 a - 12 arrows
Scrolls
 i - a scroll of blinking
Potions
 d - a potion of curing
 e - a potion of heal wounds
 f - a potion of haste
 g - 2 potions of magic
 h - a potion of berserk rage
Books
 b - a book of Changes

   Spells                             Type                      Level
   a - Beastly Appendage              Transmutation                1
   b - Sticks to Snakes               Transmutation                2
   c - Spider Form                    Transmutation/Poison         3
   d - Ice Form                       Ice/Transmutation            4
   e - Blade Hands                    Transmutation                5
Comestibles
 c - a bread ration
 j - a chunk of flesh


   Skills:
 * Level 2.1 Fighting
 * Level 2.8 Dodging
 * Level 5.0 Unarmed Combat
 + Level 2.5 Spellcasting
 * Level 2.8 Transmutations


You had one spell level left.
You knew the following spells:

 Your Spells              Type           Power        Failure   Level  Hunger
a - Beastly Appendage     Trmt           ##....       24%         1    #......
b - Sticks to Snakes      Trmt           ##......     28%         2    ##.....
c - Spider Form           Trmt/Pois      #.........   56%         3    ###....


Dungeon Overview and Level Annotations

Branches:
Dungeon (1/1)

Altars:


Innate Abilities, Weirdness & Mutations

You cannot wear most types of armour.
((You are amphibious.))
You can wear up to eight rings at the same time.
((You can use your tentacles to constrict eight enemies at once.))
((Your skin changes colour to match your surroundings (Stealth).))
((Your rubbery body absorbs attacks (AC +1).))


Message History

You start resting.
Magic restored.
Casting: Spider Form
Confirm with . or Enter, or press ? or * to list all spells.
You turn into a venomous arachnid creature.
You open the door.
An ogre comes into view. It is wielding a giant club.
The ogre shouts!
There is an open door here.
You hit the ogre but do no damage.
The ogre is poisoned.
The ogre hits you with a giant club!
Ouch! That really hurt!
Your transformation is almost over.
Things that are here:
a dagger; a ring mail You bite the ogre!
The ogre looks even sicker.
The ogre is moderately wounded.
The ogre hits you with a giant club!!
Ouch! That really hurt!
You die...

##########
#<.#..'..#
#..'sO#..+
#..#####+#
#..# #..#
#..# #⌠⌠#
####


You could see an ogre.

Vanquished Creatures
  Ijyb (D)
1 creature vanquished.

Notes
Turn   | Place    | Note
--------------------------------------------------------------
     0 | D        | Hipnos the Octopode Transmuter began the quest for the Orb.
     0 | D        | Reached XP level 1. HP: 13/13 MP: 3/3
     2 | D        | Noticed Ijyb
    16 | D        | Killed Ijyb
    16 | D        | Reached skill level 5 in Unarmed Combat
    16 | D        | Reached XP level 2. HP: 8/19 MP: 3/5
    16 | D        | Reached XP level 3. HP: 10/24 MP: 3/6
    25 | D        | Learned a level 2 spell: Sticks to Snakes
    29 | D        | Learned a level 3 spell: Spider Form
   218 | D        | Noticed an ogre
   223 | D        | Mangled by an ogre

Skill      XL: |  1 |
---------------+----+-----
Fighting       | 2 |  2.1
Unarmed Combat | 5 |  5.0
Dodging        | |  2.8
Spellcasting   | |  2.5
Transmutations | |  2.8

Action                   || total
-------------------------++-------
Melee: Unarmed           ||    15
       Kick              ||     8
       Tentacles         ||     3
       Constrict         ||     1
       Punch             ||     1
 Cast: Beastly Appendage ||     1
       Spider Form       ||     1
Armor: Skin              ||     1
Dodge: Dodged            ||     5
